 Dungeon Crawl Stone Soup version 0.29-a0-1052-g6990b1bffc (webtiles) character file.

Game seed: 3283040470351324703

204 Ijustatesigmund the Grave Robber (level 5, -1/28 HPs)
             Began as a Deep Elf Necromancer on Aug 17, 2022.
             Killed from afar by an orc wizard (5 damage)
             ... with a magic dart
             ... on level 4 of the Dungeon.
             The game lasted 00:07:51 (3261 turns).

Ijustatesigmund the Grave Robber (DENe)             Turns: 3261, Time: 00:07:52

Health: -1/28      AC:  2    Str:  4    XL:     5   Next: 52%
Magic:  12/15      EV: 12    Int: 26    God:
Gold:   226        SH:  0    Dex: 14    Spells: 6/15 levels left

rFire   . . .      SeeInvis .   c - +3 dagger (flame)
rCold   . . .      Faith    .   (no shield)
rNeg    . . .      Spirit   .   a - +0 robe
rPois   .          Reflect  .   (no helmet)
rElec   .          Harm     .   (no cloak)
rCorr   .          Rampage  .   (no gloves)
Will    .....                   (no boots)
Stlth   ++........              (no amulet)
HPRegen 0.09/turn               (no ring)
MPRegen 0.14/turn               (no ring)

@: hasted, very quick
A: clever 1, sense surroundings 1
a: no special abilities


You were on level 4 of the Dungeon.
You visited 1 branch of the dungeon, and saw 4 of its levels.

You collected 226 gold pieces.

Inventory:

Hand Weapons
 c - a +3 dagger of flaming (weapon)
Armour
 a - a +0 robe (worn)
Scrolls
 h - a scroll of brand weapon
 i - a scroll of vulnerability
Potions
 b - 2 potions of magic
 d - a potion of curing
 e - a potion of flight
 f - a potion of haste
 g - a potion of invisibility {unknown}
 k - a potion of mutation
 l - a potion of ambrosia {unknown}


   Skills:
 + Level 0.7 Fighting
 - Level 1.0 Short Blades
 - Level 2.4 Dodging
 - Level 2.4 Stealth
 + Level 5.6 Spellcasting
 + Level 6.5 Necromancy
 + Level 0.0 Earth Magic


You had 6 spell levels left.
You knew the following spells:

 Your Spells              Type           Power      Damage    Failure   Level
a - Necrotise             Necr           100%       1d9       1%          1
b - Vampiric Draining     Necr           41%        2d8       1%          3
c - Borgnjor's Vile Clut  Necr/Erth      12%        N/A       45%         5

Your spell library contained the following spells:

 Spells                   Type           Power      Damage    Failure   Level
 Animate Dead             Necr           41%        N/A       4%          4
 Apportation              Tloc           14%        N/A       8%          1
 Agony                    Necr           41%        N/A       14%         5
 Death Channel            Necr           20%        N/A       58%         6
 Alistair's Intoxication  Tmut/Pois      4%         N/A       90%         5


Dungeon Overview and Level Annotations

Branches:
Dungeon (4/15)
 Temple: D:4-7

Altars:


Innate Abilities, Weirdness & Mutations

Your mind is acute. (Int +4, Str/Dex -1)
You passively map a small area around you.


Message History

g - Guard the area. f - Follow me.
Anything else - Cancel.
Gang up on whom?
Press: ? - help, Dir - move target, f/p - orc
Aim: an orc, wielding a +0 hand axe (ally target) Attack!
Your orc skeleton barely misses something.
Something hits your orc skeleton. Something hits your orc skeleton.
Your orc skeleton completely misses something.
You hear some strange, mumbled words.
A magic dart appears from out of thin air!
The magic dart hits you!
Your orc skeleton closely misses something.
Something hits your orc skeleton.
Your orc skeleton is destroyed!
You feel better. Something hits you.
You hit something. You burn something. Something hits you.
You miss something.
You hear some strange, mumbled words.
You are confused.
You hit something. You burn something.
You hear some strange, mumbled words.
You are more confused.
You completely miss something.
You feel better.
You hear some strange, mumbled words.
A magic dart appears from out of thin air!
The magic dart hits you!
You closely miss something. The orc barely misses you. Something hits you.
You barely miss something. The orc hits you with a +0 hand axe.
* * * LOW HITPOINT WARNING * * *
Something hits you.
* * * LOW HITPOINT WARNING * * *
Unknown command.
It was a potion of haste.
You feel yourself speed up. The orc misses you.
Something hits you but does no damage.
A magic dart appears from out of thin air!
The magic dart hits you.
You die...

.. * , ##.# ..
, , #..# *
#.## *
########.# *
.........#
*.#######.# ,
#.# #####.#
####.###{.@..#
.....o)oo###.#
, ####.#####
#.# * * #.# ,
, ..# * * *###
,


You could see 3 orcs.

Vanquished Creatures
  A necrophage (D:4)
  An orc priest (D:3)
  A hound (D:3)
  An ufetubus (D:4)
  A dart slug (D:1)
  5 orcs
  9 endoplasms
  3 giant cockroaches
  8 goblins
  10 hobgoblins
  3 jackals (D:3)
  5 kobolds
  A quokka (D:3)
  3 ball pythons
  5 bats
  3 frilled lizards
  3 rats
63 creatures vanquished.

Vanquished Creatures (collateral kills)
  A giant cockroach (D:3)
  A hobgoblin (D:1)
  A kobold (D:1)
  2 rats
5 creatures vanquished.

Grand Total: 68 creatures vanquished

Notes
Turn   | Place    | Note
-------+----------+-------------------------------------------
     0 | D:1      | Ijustatesigmund the Deep Elf Necromancer began the quest
                  | for the Orb.
     0 | D:1      | Reached XP level 1. HP: 10/10 MP: 6/6
    30 | D:1      | Reached skill level 5 in Necromancy
   105 | D:1      | Reached XP level 2. HP: 15/15 MP: 3/8
   429 | D:1      | Found a faded altar of an unknown god.
   914 | D:2      | Reached XP level 3. HP: 19/19 MP: 6/10
  1106 | D:2      | Learned a level 3 spell: Vampiric Draining
  1796 | D:3      | Reached XP level 4. HP: 24/24 MP: 6/12
  1977 | D:3      | Reached skill level 6 in Necromancy
  1996 | D:3      | Reached skill level 5 in Spellcasting
  2576 | D:4      | Noticed a necrophage
  2582 | D:4      | Gained mutation: Your mind is acute. (Int +4, Str/Dex -1)
                  | [potion of mutation]
  2582 | D:4      | Gained mutation: You passively map a small area around you.
                  | [potion of mutation]
  2587 | D:4      | Killed a necrophage
  2588 | D:4      | Reached XP level 5. HP: 2/28 MP: 15/15
  3021 | D:4      | Reached skill level 1 in Short Blades
  3093 | D:4      | Learned a level 5 spell: Borgnjor's Vile Clutch
  3261 | D:4      | Killed from afar by an orc wizard

Illustrated notes

Levels and vault maps discovered:
D:1:      amcnicky_arrival_underground_garden, layout_rooms,
          ebering_ecumenical_altar_webs, columned_hall_lemuel
D:2:      layout_basic
D:3:      layout_rooms, chequers_serial_rivers_large_b
D:4:      layout_loops_cross, gammafunk_ghost_smash

Skill      XL: |  1  2  3  4  5 |
---------------+----------------+-----
Necromancy     | 5 6 |  6.5
Spellcasting   | 4 5 |  5.6
Short Blades   | 1 |  1.0
Fighting       | |  0.7
Dodging        | |  2.4
Stealth        | |  2.4

Action                   |  1- 3 |  4- 6 || total
-------------------------+-------+-------++-------
Melee: Dagger            |       |    27 ||    27
 Cast: Necrotise         |    58 |    44 ||   102
  Use: Scroll            |       |     6 ||     6
       Potion            |       |     4 ||     4
 Stab: Sleeping          |       |     4 ||     4
Armor: Robe              |     5 |     3 ||     8
Dodge: Dodged            |     8 |    19 ||    27

Table legend: (Time is in decaauts)
 A = Elapsed time spent in this place.
 B = Non-inter-level travel time spent in this place.
 C = Inter-level travel time spent in this place.
 D = Time resting spent in this place.
 E = Time spent auto-exploring this place.
 F = Levels seen in this place.
 G = Mean time per level.
                   A        B        C        D        E       F      G
               +--------+--------+--------+--------+--------+-----+--------+
         Total |   3284 |   3241 |     43 |    504 |   2342 |   4 |  821.0 |
       Dungeon |   3284 |   3241 |     43 |    504 |   2342 |   4 |  821.0 |
               +--------+--------+--------+--------+--------+-----+--------+

Top non-repeatable levels by time:
     D:1: 896 daAuts
     D:2: 893 daAuts
     D:3: 810 daAuts
     D:4: 683 daAuts
